 Dungeon Crawl Stone Soup version 0.28-a0-224-g76b539d98b (webtiles) character file.

Game seed: 6243421054473690853

75 timneilson the Covered (level 4, 0/29 HPs)
             Began as a Gargoyle Fighter on Aug 21, 2021.
             Slain by a gnoll (3 damage)
             ... on level 2 of the Dungeon.
             The game lasted 00:01:42 (1455 turns).

timneilson the Covered (Gargoyle Fighter)           Turns: 1455, Time: 00:01:43

Health: 0/29       AC: 11    Str: 21    XL:     4   Next: 31%
Magic:  4/4        EV:  7    Int:  8    God:
Gold:   59         SH:  8    Dex:  9    Spells: 3/3 levels left

rFire   + . .      SeeInvis .   a - +0 long sword
rCold   . . .      Faith    .   c - +0 kite shield
rNeg    + . .      Spirit   .   b - +0 scale mail
rPois   ∞          Reflect  .   k - +1 hat
rElec   +          Harm     .   (no cloak)
rCorr   .          Rampage  .   (no gloves)
Will    .....                   (no boots)
Stlth   ..........              (no amulet)
HPRegen 0.09/turn               i - ring of protection from fire
MPRegen 0.09/turn               (no ring)

@: mighty
A: sickness immunity, AC +3, negative energy resistance 1, electricity
resistance, torment resistance 1, petrification resistance
a: no special abilities


You were on level 2 of the Dungeon.
You visited 1 branch of the dungeon, and saw 2 of its levels.

You collected 59 gold pieces.

Inventory:

Hand Weapons
 a - a +0 long sword (weapon)
Armour
 b - a +0 scale mail (worn)
 c - a +0 kite shield (worn)
 f - a +0 plate armour
 k - a +1 hat (worn)
Jewellery
 i - a ring of protection from fire (left hand)
Scrolls
 h - a scroll of blinking {unknown}
Potions
 e - a potion of ambrosia {unknown}
 g - a potion of heal wounds {unknown}
 j - a potion of degeneration {unknown}


   Skills:
 + Level 3.6 Fighting
 * Level 2.5 Long Blades
 * Level 4.0 Armour
 * Level 4.0 Shields


You had 3 spell levels left.
You didn't know any spells.
Your spell library was empty.

Dungeon Overview and Level Annotations

Branches:
Dungeon (2/15)

Altars:

Annotations:
D:2 Jessica


Innate Abilities, Weirdness & Mutations

You are immune to sickness and miasma.
Your stone body is resilient. (AC +3)
You are immune to poison.
You resist negative energy. (rN+)
You are resistant to electric shocks. (rElec)
You are resistant to unholy torment.
You are immune to petrification.


Message History

You kill the gnoll!
The frilled lizard bites you but does no damage. x2
The ball python bites you. The ball python barely misses you.
Unknown command.
The frilled lizard closely misses you.
You completely miss the ball python. The ball python closely misses you.
You block the ball python's attack.
The ball python bites you but does no damage.
The ball python grabs you. The ball python constricts you.
You barely miss the ball python. The ball python bites you.
The ball python constricts you.
You hit the ball python.
The ball python is severely wounded.
The ball python barely misses you.
You riposte.
You closely miss the ball python.
The ball python is severely wounded.
The ball python constricts you. The ball python bites you.
The ball python constricts you.
You feel very mighty all of a sudden.
The ball python bites you but does no damage.
The ball python constricts you.
You slash the ball python!
You kill the ball python!
A bat comes into view.
You block the frilled lizard's attack.
You closely miss the frilled lizard. You block the bat's attack.
The frilled lizard bites you but does no damage.
You slash the frilled lizard!
You kill the frilled lizard!
The bat hits you but does no damage. The gnoll hits you but does no damage.
You barely miss the gnoll. The bat hits you but does no damage. x2
The gnoll hits you with a +0 flail. The bat hits you but does no damage.
You closely miss the gnoll. The bat hits you but does no damage. x2
You block the gnoll's attack. The bat barely misses you.
The gnoll hits you with a +0 flail.
* * * LOW HITPOINT WARNING * * *
Unknown command.
Jessica shouts, "I don't like beings like you!"
You barely miss the gnoll. The gnoll hits you with a +0 flail.
You die...

#. #### ..# #.# #. ....
#.# #.# #.. ...
##.###.# ..
###.###....#.# @#
#............# ##.
#.####.......#####
#.)###b...#..####......
#w@g####÷..#......^..
#.##@.#.##.#.###.....
#.#..#...#... #.....
w##.###.##...####....
#...# .#...#.........
#.## .. #........>..#
..# ### ...........# ..
.#######..# .. #..#
...# ###.####.#


You could see a worm, a gnoll and Jessica.

Vanquished Creatures
  3 adders (D:2)
  A gnoll (D:2)
  A worm (D:2)
  A dart slug (D:2)
  6 ball pythons
  A bat (D:1)
  3 endoplasms (D:2)
  2 goblins (D:1)
  6 hobgoblins
  2 quokkas (D:1)
  3 frilled lizards
  3 kobolds (D:1)
  2 rats
34 creatures vanquished.

Vanquished Creatures (others)
  A plant (D:2)
1 creature vanquished.

Grand Total: 35 creatures vanquished

Notes
Turn   | Place    | Note
-------+----------+-------------------------------------------
     0 | D:1      | timneilson the Gargoyle Fighter began the quest for the
                  | Orb.
     0 | D:1      | Reached XP level 1. HP: 14/14 MP: 1/1
   201 | D:1      | Reached XP level 2. HP: 19/19 MP: 2/2
   222 | D:1      | Found a faded altar of an unknown god.
   751 | D:2      | Reached XP level 3. HP: 22/23 MP: 3/3
  1438 | D:2      | Reached XP level 4. HP: 14/28 MP: 4/4
  1441 | D:2      | Noticed Jessica
  1455 | D:2      | Slain by a gnoll

Illustrated notes

Levels and vault maps discovered:
D:1:      sevenhm_arrival_forest_fort_small_6, layout_basic,
          ebering_ecumenical_altar_abandoned
D:2:      cheibrodos_old_hovel, layout_basic, minmay_pentomino_pile,
          uniq_jessica

Skill      XL: |  1  2  3 |
---------------+----------+-----
Long Blades    | 2 |  2.5
Armour         | 4 |  4.0
Shields        | 4 |  4.0
Fighting       | |  3.6

Action                   |  1- 3 |  4- 6 || total
-------------------------+-------+-------++-------
Melee: Long sword        |   106 |    11 ||   117
  Use: Scroll            |     1 |       ||     1
       Potion            |       |     1 ||     1
Armor: Scale mail        |    60 |    13 ||    73
Dodge: Dodged            |    31 |     6 ||    37
Block: Kite shield       |    51 |     6 ||    57
       Rpst.: Long sword |    12 |     2 ||    14

Table legend: (Time is in decaauts)
 A = Elapsed time spent in this place.
 B = Non-inter-level travel time spent in this place.
 C = Inter-level travel time spent in this place.
 D = Time resting spent in this place.
 E = Time spent auto-exploring this place.
 F = Levels seen in this place.
 G = Mean time per level.
                   A        B        C        D        E       F      G
               +--------+--------+--------+--------+--------+-----+--------+
         Total |   1514 |   1504 |     10 |      0 |   1209 |   2 |  757.0 |
       Dungeon |   1514 |   1504 |     10 |      0 |   1209 |   2 |  757.0 |
               +--------+--------+--------+--------+--------+-----+--------+

Top non-repeatable levels by time:
     D:2: 850 daAuts
     D:1: 663 daAuts
